 Dungeon Crawl Stone Soup version 0.28.0-1-gb440e238dd (webtiles) character file.

Game seed: 14001825164113874281

36 mhtbhm the Covered (level 3, -9/24 HPs)
             Began as a Gargoyle Fighter on Feb 20, 2022.
             Mangled by Sigmund (11 damage)
             ... on level 2 of the Dungeon.
             The game lasted 00:01:25 (1368 turns).

mhtbhm the Covered (Gargoyle Fighter)               Turns: 1368, Time: 00:01:25

Health: -9/24      AC: 10    Str: 19 (21) XL:     3   Next: 37%
Magic:  3/3        EV:  9    Int:  5 (8)  God:
Gold:   49         SH:  4    Dex:  6 (9)  Spells: 2/2 levels left

rFire   . . .      SeeInvis .   a - +1 whip (freeze)
rCold   . . .      Faith    .   c - +0 buckler
rNeg    + . .      Spirit   .   b - +0 scale mail
rPois   ∞          Reflect  .   (no helmet)
rElec   +          Harm     .   (no cloak)
rCorr   .          Rampage  .   (no gloves)
Will    .....                   (no boots)
Stlth   ..........              (no amulet)
HPRegen 0.08/turn               (no ring)
MPRegen 0.08/turn               (no ring)

@: no status effects
A: sickness immunity, AC +3, negative energy resistance 1, electricity
resistance, torment resistance 1, petrification resistance
a: no special abilities


You were on level 2 of the Dungeon.
You visited 1 branch of the dungeon, and saw 2 of its levels.

You collected 49 gold pieces.

Inventory:

Hand Weapons
 a - a +1 whip of freezing (weapon)
Missiles
 e - 2 throwing nets (quivered)
Armour
 b - a +0 scale mail (worn)
 c - a +0 buckler (worn)


   Skills:
 + Level 3.7 Fighting
 + Level 2.3 Maces & Flails
 + Level 3.8 Armour
 + Level 3.6 Shields


You had 2 spell levels left.
You didn't know any spells.
Your spell library was empty.

Dungeon Overview and Level Annotations

Branches:
Dungeon (2/15)

Altars:

Shops:
D:1 *[(*

Annotations:
D:2 Sigmund


Innate Abilities, Weirdness & Mutations

You are immune to sickness and miasma.
Your stone body is resilient. (AC +3)
You are immune to poison.
You resist negative energy. (rN+)
You are resistant to electric shocks. (rElec)
You are resistant to unholy torment.
You are immune to petrification.


Message History

Unknown command.
It was a potion of curing.
You feel better. Sigmund barely misses you.
It was a potion of degeneration.
There was something very wrong with that liquid.
You feel weakened.
You feel dopey.
You feel clumsy.
Sigmund flickers, as though insubstantial.
Sigmund closely misses you.
You hit Sigmund. You freeze Sigmund.
Sigmund is moderately wounded.
Sigmund closely misses you.
You closely miss Sigmund.
Sigmund is moderately wounded.
Sigmund hits you but does no damage.
You hit Sigmund but do no damage.
Sigmund is moderately wounded.
You hit Sigmund. You freeze Sigmund.
Sigmund is moderately wounded.
Sigmund casts a spell.
Sigmund flickers and vanishes!
Deactivating autopickup; reactivate with Ctrl-A.
You barely miss something. Something hits you!
You hit something. You freeze something. Something hits you but does no damage.
You closely miss something. You hit something. You freeze something.
Something hits you but does no damage.
You hit something but do no damage. Something hits you.
You closely miss something. You miss something. Something hits you.
You hit something. You freeze something. Something hits you!
* * * LOW HITPOINT WARNING * * *
You closely miss something. You miss something.
You hear some strange, mumbled words.
A puff of flame appears from out of thin air!
The puff of flame misses you.
Unknown command.
You aren't carrying any potions.
Unknown command.
You aren't carrying any scrolls.
You miss something. Something hits you!
You die...

########....######
.................
.................
########..........
######.######### #
................. ..
#######.#.#########.#
#.#.######....###
#.#......@{......
#.########.....?. #.#
###.... #.. ... #. .


There were no monsters in sight!

Vanquished Creatures
  A worm (D:2)
  5 ball pythons (D:1)
  3 bats (D:1)
  2 endoplasms (D:1)
  2 goblins (D:1)
  7 hobgoblins
  A quokka (D:1)
  2 frilled lizards (D:1)
  3 kobolds (D:1)
  3 rats (D:1)
29 creatures vanquished.

Notes
Turn   | Place    | Note
-------+----------+-------------------------------------------
     0 | D:1      | mhtbhm the Gargoyle Fighter began the quest for the Orb.
     0 | D:1      | Reached XP level 1. HP: 14/14 MP: 1/1
    45 | D:1      | Found Rafonipn's General Store.
    67 | D:1      | Reached XP level 2. HP: 9/19 MP: 2/2
   239 | D:1      | Found Xyfe's Antique Weapon Shop.
   263 | D:1      | Found Baky's Antique Armour Emporium.
   407 | D:1      | Reached XP level 3. HP: 12/24 MP: 3/3
  1223 | D:1      | Found Zish's Assorted Antiques.
  1348 | D:2      | Noticed Sigmund
  1368 | D:2      | Mangled by Sigmund

Illustrated notes

Levels and vault maps discovered:
D:1:      minmay_arrival_nine_rooms, layout_basic, serial_shops,
          nicolae_diamond_shop, nicolae_shop_overgrown_old_shop, shop, shop,
          amcnicky_mini_pool_small
D:2:      layout_basic, basic_altar, cheibrodos_gnoll_hut, uniq_sigmund

Action                   || total
-------------------------++-------
Melee: Flail             ||    16
       Whip              ||    76
  Use: Potion            ||     3
       Scroll            ||     1
Armor: Scale mail        ||    42
Dodge: Dodged            ||    44
Block: Buckler           ||    23
